 Dungeon Crawl Stone Soup version 0.29.0-11-gd7f09526c8 (webtiles) character file.

Game seed: 1936384291622880880

25 Anothat the Shooter (level 3, -1/25 HPs)
             Began as a Gnoll Wanderer on Sept 3, 2022.
             Slain by an orc
             ... wielding a +3 hand axe
              (8 damage)
             ... on level 2 of the Dungeon.
             The game lasted 00:02:33 (635 turns).

Anothat the Shooter (Gnoll Wanderer)                 Turns: 635, Time: 00:02:34

Health: -1/25      AC:  3    Str: 10    XL:     3   Next: 6%
Magic:  7/7        EV: 11    Int: 12    God:
Gold:   64         SH:  0    Dex: 13    Spells: 6/7 levels left

rFire   . . .      SeeInvis .   a - +2 sling
rCold   . . .      Faith    .   (no shield)
rNeg    . . .      Spirit   .   d - +0 robe
rPois   .          Reflect  .   (no helmet)
rElec   .          Harm     .   (no cloak)
rCorr   .          Rampage  .   b - +0 pair of gloves
Will    .....                   (no boots)
Stlth   +++.......              e - amulet of magic regeneration
HPRegen 0.08/turn               (no ring)
MPRegen 0.50/turn               (no ring)

@: no status effects
A: fangs 1, strong nose, distributed training
a: no special abilities


You were on level 2 of the Dungeon.
You visited 1 branch of the dungeon, and saw 2 of its levels.

You collected 64 gold pieces.

Inventory:

Hand Weapons
 a - a +2 sling (weapon)
 i - a +2 dagger of freezing
Missiles
 g - a throwing net
Armour
 b - a +0 pair of gloves (worn)
 d - a +0 robe (worn)
 j - a +0 scale mail
Jewellery
 e - an amulet of magic regeneration (around neck)
Scrolls
 c - a scroll of vulnerability
 f - a scroll of blinking {unknown}
Potions
 k - a potion of flight {unknown}


   Skills:
 + Level 0.6 Fighting
 + Level 0.6 Short Blades
 + Level 0.6 Long Blades
 + Level 0.6 Axes
 + Level 0.6 Maces & Flails
 + Level 0.6 Polearms
 + Level 0.6 Staves
 + Level 6.5 Ranged Weapons
 + Level 0.6 Throwing
 + Level 0.6 Armour
 + Level 0.6 Dodging
 + Level 5.9 Stealth
 + Level 0.6 Shields
 + Level 0.6 Unarmed Combat
 + Level 2.8 Spellcasting
 + Level 0.4 Conjurations
 + Level 0.4 Hexes
 + Level 3.7 Summonings
 + Level 0.4 Necromancy
 + Level 0.4 Translocations
 + Level 0.4 Transmutations
 + Level 0.4 Fire Magic
 + Level 0.4 Ice Magic
 + Level 0.4 Air Magic
 + Level 0.4 Earth Magic
 + Level 0.4 Poison Magic
 + Level 0.8 Invocations
 + Level 2.5 Evocations


You had 6 spell levels left.
You knew the following spells:

 Your Spells              Type           Power      Damage    Failure   Level
a - Summon Small Mammal   Summ           40%        N/A       5%          1

Your spell library contained the following spells:

 Spells                   Type           Power      Damage    Failure   Level
 Call Canine Familiar     Summ           10%        N/A       16%         3


Dungeon Overview and Level Annotations

Branches:
Dungeon (2/15)

Altars:


Innate Abilities, Weirdness & Mutations

You have very sharp teeth.
Your uncanny sense of smell can sniff out nearby items.
Your experience applies equally to all skills.


Message History

You shoot a sling bullet. The sling bullet hits the orc.
The orc is heavily wounded.
The orc hits you but does no damage.
You shoot a sling bullet. The sling bullet barely misses the orc.
The sling bullet hits the orc.
The orc is moderately wounded.
The orc barely misses you.
You shoot a sling bullet.
The sling bullet closely misses the orc.
The sling bullet hits the orc.
The orc is heavily wounded.
You shoot a sling bullet. The sling bullet barely misses the orc.
The orc hits you but does no damage. The orc hits you with a +0 dagger.
A quokka comes into view.
The orc hits you with a +0 dagger. The orc attacks as you move away!
The orc hits you with a +3 hand axe.
The orc throws a boomerang.
The boomerang hits you.
The orc throws a boomerang.
The boomerang hits you. The orc attacks as you move away!
The orc hits you with a +3 hand axe.
* * * LOW HITPOINT WARNING * * *
You are too injured to fight recklessly!
Really attack while wielding your +2 sling?
Okay, then.
Casting: Summon Small Mammal (safe; 5% risk of failure)
Press: ? - help, Q - select action, (/) - cycle Dir - look around, f - activate
Okay, then.
Okay, then.
Casting: Summon Small Mammal (safe; 5% risk of failure)
Confirm with . or Enter, or press ? or * to list all spells.
The orc hits you with a +3 hand axe!
* * * LOW HITPOINT WARNING * * *
The orc closely misses your rat. The orc attacks as you move away!
The orc closely misses you.
The orc hits your rat with a +3 hand axe.
Your rat dies!
Your rat's corpse disappears in a puff of smoke!
Okay, then.
It was a potion of curing.
You feel better. The orc hits you with a +3 hand axe!
You die...

..........##. ###.........
####### #...#....#.##.....##
##.###....#.#.......##
...###...............#
#.##....#..#.........#
#.#.....#..#.........#
.....##.#..#.........#
#..........#....@....#
...#.##).........oo..#
.....##..†.#.....oo..#
....###..#.#....r....#
.....................#
...#........................
......#.##..<.......##......
.#...##.##........... ......
...#.##.......###..... !....


You could see 4 orcs and a quokka.

Vanquished Creatures
  A worm (D:2)
  A ball python (D:1)
  3 endoplasms
  A giant cockroach (D:1)
  A hobgoblin (D:2)
  3 quokkas (D:1)
  A bat (D:1)
  3 frilled lizards
  3 goblins
  3 kobolds
  A rat (D:2)
21 creatures vanquished.

Notes
Turn   | Place    | Note
-------+----------+-------------------------------------------
     0 | D:1      | Anothat the Gnoll Wanderer began the quest for the Orb.
     0 | D:1      | Anothat set off with the following items: a +2 sling, a +0
                  | pair of gloves, a scroll of vulnerability, a +0 robe; and
                  | the following spell memorised: Summon Small Mammal; and the
                  | following spells available to memorise: Call Canine
                  | Familiar.
     0 | D:1      | Reached XP level 1. HP: 13/13 MP: 4/4
   268 | D:1      | Reached XP level 2. HP: 19/19 MP: 5/5
   601 | D:2      | Reached XP level 3. HP: 25/25 MP: 7/7
   633 | D:2      | HP: 1/25 [orc/+3 hand axe (7)]
   635 | D:2      | Slain by an orc

Illustrated notes

Levels and vault maps discovered:
D:1:      eino_arrival_cavern_d, layout_basic
D:2:      minmay_razor_zed, layout_rooms, uniq_natasha

Action                   || total
-------------------------++-------
 Fire: Sling             ||    51
 Cast: Summon Small Mamm ||     2
  Use: Potion            ||     1
Armor: Robe              ||     2
Dodge: Dodged            ||     6
